 Dungeon Crawl Stone Soup version 0.20.1-1-g8b1a95d (webtiles) character file.

17 Monsterracer the Insei (level 2, 0/18 HPs)
             Began as an Octopode Transmuter on Aug 17, 2017.
             Slain by an adder (3 damage)
             ... on level 1 of the Dungeon.
             The game lasted 00:00:56 (656 turns).

Monsterracer the Insei (Octopode Transmuter)         Turns: 656, Time: 00:00:57

Health: 0/18       AC:  1    Str:  9    XL:     2   Next: 62%
Magic:  5/5        EV: 13    Int: 15    God:
Gold:   49         SH:  0    Dex: 12    Spells: 2/5 levels left

rFire    . . .     SeeInvis .     - Unarmed
rCold    . . .     Gourm    .   (no shield)
rNeg     . . .     Faith    .   (helmet restricted)
rPois    .         Spirit   .   (no amulet)
rElec    .         Reflect  .   (no ring)
rCorr    .         Harm     .   (no ring)
MR       .....                  (no ring)
Stlth    ++........             (no ring)
Regen    0.1/turn               (no ring)
MPRegen  0.1/turn               (no ring)
                                (no ring)
                                (no ring)

@: no status effects
A: almost no armour, stealthy swim, amphibious, 8 rings, constrict 8, camouflage
1, gelatinous body 1
a: no special abilities


You were on level 1 of the Dungeon.
You were not hungry.

You visited 1 branch of the dungeon, and saw 2 of its levels.

You collected 49 gold pieces.

Inventory:

Missiles
 a - 12 arrows
Armour
 h - a +0 shield
Scrolls
 d - a scroll of fear {unknown}
 e - a scroll of identify {unknown}
Potions
 g - a potion of brilliance {unknown}
Books
 b - a book of Changes

   Spells                             Type                      Level
   a - Beastly Appendage              Transmutation                1
   b - Sticks to Snakes               Transmutation                2
   c - Spider Form                    Transmutation/Poison         3
   d - Ice Form                       Ice/Transmutation            4
   e - Blade Hands                    Transmutation                5
Comestibles
 c - 3 bread rations
 f - a meat ration


   Skills:
 - Level 1.0 Fighting
 - Level 2.0 Dodging
 + Level 3.6 Unarmed Combat
 - Level 2.0 Spellcasting
 + Level 2.3 Transmutations


You had 2 spell levels left.
You knew the following spells:

 Your Spells              Type           Power        Failure   Level  Hunger
a - Beastly Appendage     Tmut           #.....       9%          1    #......
b - Sticks to Snakes      Tmut           #.......     13%         2    ###....


Dungeon Overview and Level Annotations

Branches:
Dungeon (2/15)

Altars:
The Shining One


Innate Abilities, Weirdness & Mutations

You cannot wear most types of armour.
You are very stealthy in the water. (Stealth+)
You are amphibious.
You can wear up to eight rings at the same time.
You can use your tentacles to constrict eight enemies at once.
Your skin changes colour to match your surroundings (Stealth+).
Your rubbery body absorbs attacks. (AC +1, EV +1)


Message History

Damage: -5%(-1hp) hp: 84%(15hp)
You release your grip on the goblin.
Your tentacle spike disappears.
The jackal bites you but does no damage.
You see here a kobold corpse.
The adder bites you. x2
* * * LOW HITPOINT WARNING * * *
Huge Dmg: -34%(-6hp) hp: 50%(9hp)
You see here 17 stones.
There is a stone staircase leading up here.
The adder bites you.
* * * LOW HITPOINT WARNING * * *
The goblin barely misses you.
You climb upwards.
There is a stone staircase leading down here.
Huge Dmg: -27%(-5hp) hp: 23%(4hp)
The adder bites you.
* * * LOW HITPOINT WARNING * * *
The adder bites you.
You die...

#.......####.........## #.
#..........#.####.....### #.
#.......##.#.#..+.....'.###.
##......##.#.#.##.....#.#...
#####..##.#.#.########.#.##
#..##.#.#.# #.#.#
#..##.#.#.# #.#.#
#..#..#.#.########.#.##
#..#.g@................
#..#.S##.#########.#...
#..#.###......####.#...
#..#...............#.##
#..##....##...######.#
#.............######.#
#...####.####...#....#
##.[.# #.......#...####
#....# ##.####.###...###


You could see an adder and a goblin.

Vanquished Creatures
  4 goblins
  3 hobgoblins (D:1)
  2 kobolds
  3 bats (D:1)
  A frilled lizard (D:2)
  2 rats (D:1)
15 creatures vanquished.

Notes
Turn   | Place    | Note
-------+----------+-------------------------------------------
     0 | D:1      | Monsterracer the Octopode Transmuter began the quest for the Orb.
     0 | D:1      | Reached XP level 1. HP: 13/13 MP: 3/3
   103 | D:1      | Found a glowing golden altar of the Shining One.
   325 | D:1      | Reached XP level 2. HP: 16/18 MP: 5/5
   329 | D:1      | Learned a level 2 spell: Sticks to Snakes
   651 | D:2      | HP: 9/18 [adder (2)]
   654 | D:2      | HP: 4/18 [adder (5)]
   656 | D:1      | Slain by an adder

Action                   || total
-------------------------++-------
Melee: Unarmed           ||    28
       Constrict         ||    11
       Tentacles         ||     4
       Kick              ||     3
       Punch             ||     1
 Cast: Beastly Appendage ||     2
 Stab: Sleeping          ||     4
Armor: Skin              ||     1
Dodge: Dodged            ||    12
